 Dungeon Crawl Stone Soup version 0.20-a0-1018-ge435b50 (webtiles) character file.

22414 George the Carver (level 12, -9/107 HPs)
             Began as a Minotaur Fighter on Apr 17, 2017.
             Was a High Priest of Makhleb.
             Mangled by a komodo dragon (24 damage)
             ... on level 12 of the Dungeon.
             The game lasted 00:23:24 (10985 turns).

George the Carver (Minotaur Fighter)               Turns: 10985, Time: 00:23:25

Health: -9/107     AC: 21    Str: 27 (28) XL:     12   Next: 62%
Magic:  16/16      EV: 11    Int:  4 (5)  God:    Makhleb [*****.]
Gold:   479        SH: 13    Dex: 14      Spells: 9/11 levels left

rFire    . . .     SeeInvis +   Q - +3 scimitar
rCold    + . .     Gourm    +   c - +0 shield
rNeg     . . .     Faith    .   u - +0 plate armour
rPois    .         Spirit   .   (helmet restricted)
rElec    .         Reflect  .   R - +2 cloak
rCorr    .         Harm     .   p - +0 pair of gloves
MR       .....                  m - +0 pair of boots
Stlth    ..........             H - amulet of the gourmand
Regen    0.3/turn               e - ring of see invisible
MPRegen  0.2/turn               X - +4 ring of strength

@: no status effects
A: retaliatory headbutt, horns 2, agile 1, cold resistance 1, deterioration 1,
screaming 1, MP-powered wands
a: Minor Destruction, Lesser Servant of Makhleb, Major Destruction, Greater
Servant of Makhleb, Renounce Religion


You were on level 12 of the Dungeon.
You worshipped Makhleb.
Makhleb was extremely pleased with you.
You were not hungry.

You visited 2 branches of the dungeon, and saw 13 of its levels.

You collected 764 gold pieces.
You spent 285 gold pieces at shops.

Inventory:

Hand Weapons
 Q - a +3 scimitar (weapon)
Missiles
 y - a throwing net
 E - 12 javelins (quivered)
Armour
 c - a +0 shield (worn)
 m - a +0 pair of boots (worn)
 p - a +0 pair of gloves (worn)
 u - a +0 plate armour (worn)
 R - a +2 cloak (worn)
Jewellery
 e - a ring of see invisible (left hand)
 H - an amulet of the gourmand (around neck)
 T - an uncursed ring of fire
 V - an uncursed ring of resist corrosion
 X - a +4 ring of strength (right hand)
Wands
 a - a wand of confusion (27/48)
 D - a wand of polymorph (11/24)
 F - a wand of paralysis (5/24)
 I - a wand of iceblast (10/15)
 J - a wand of scattershot (3/9)
 K - a wand of digging (12/24)
 P - a wand of confusion (18/48)
 S - a wand of flame (25/48)
Scrolls
 b - 2 scrolls of recharging
 g - a scroll of holy word
 h - 3 scrolls of fear {unknown}
 i - 3 scrolls of fog {unknown}
 j - 4 scrolls of amnesia {unknown}
 l - 6 scrolls of teleportation
 n - 7 scrolls of remove curse
 t - 2 scrolls of magic mapping
 v - a scroll of enchant weapon
 B - a scroll of immolation
 L - a scroll of enchant armour {unknown}
Potions
 d - 3 potions of might
 o - 3 potions of cancellation
 q - 3 potions of heal wounds
 r - a potion of flight
 s - a potion of berserk rage
 x - a potion of curing
 A - 2 potions of mutation
 C - a potion of magic
 G - a potion of resistance
 M - a potion of brilliance {unknown}
 N - 3 potions of agility {unknown}
 O - a potion of degeneration {unknown}
 U - a potion of haste
Miscellaneous
 W - a phial of floods
Comestibles
 f - 11 bread rations
 k - 3 royal jellies
 w - 24 fruits
 z - 6 meat rations


   Skills:
 + Level 10.4 Fighting
 * Level 13.5 Long Blades
 + Level 10.7 Armour
 + Level 8.9 Dodging
 + Level 10.2 Shields
 + Level 7.7 Invocations


You had 9 spell levels left.
You knew the following spells:

 Your Spells              Type           Power        Failure   Level  Hunger
a - Blink                 Tloc           N/A          100%        2    ###....


Dungeon Overview and Level Annotations

Branches:
Dungeon (12/15)            Temple (1/1) D:4            Lair (0/6) D:8
    Orc (0/2) D:11

Altars:
Ashenzari
Cheibriados
Dithmenos
Elyvilon
Fedhas
Gozag
Hepliaklqana
Kikubaaqudgha
Makhleb
Nemelex Xobeh
Okawaru
Qazlal
Ru
Sif Muna
Trog
Uskayaw
Vehumet
Wu Jian
Xom
Yredelemnul
Zin
The Shining One

Shops:
D:7 ?

Annotations:
D:5 dig


Innate Abilities, Weirdness & Mutations

You reflexively headbutt those who attack you in melee.
You have a pair of horns on your head.
You are agile. (Dex +2)
Your flesh is cold resistant. (rC+)
Your body sometimes deteriorates upon taking damage.
You occasionally shout uncontrollably at your foes.
You expend magic power (3 MP) to strengthen your wands.


Message History

The killer bee closely misses you. You furiously retaliate!
You headbutt the killer bee. You hit the killer bee.
Your headbutt misses the killer bee.
The killer bee is heavily wounded.
You block the killer bee's attack. The komodo dragon barely misses you.
You miss the killer bee.
The killer bee is heavily wounded.
You block the killer bee's attack.
The killer bee stings you but does no damage.
The komodo dragon bites you!
* * * LOW HITPOINT WARNING * * *
Your body deteriorates!
You feel dopey.
You miss the killer bee.
The killer bee is heavily wounded.
The killer bee barely misses you. You furiously retaliate!
You headbutt the killer bee!
You kill the killer bee!
Makhleb accepts your kill.
You feel better. The komodo dragon bites you!!
You die...

#.# #### .. #.#
#..... #.## #(#
#.#.#.# .. ..
#(##.#.#.# ...#
#(#.#.#.#.# .
#(.#.#.#...
#(#.#.#.... # .
#†)#.#....#
.#..
#@#(#.....##...
#l#.#..#..#.%#
#oy#).##....#
###Y#oy#.†#
#.#yyy.##
#.#......#
##.#..##...#
###.....#..#
#.#...###l.S


You could see a komodo dragon, a yak, an orc sorcerer and a killer bee.

Vanquished Creatures
  A storm dragon (D:12)
  The ghost of TotoDurand the Transmogrifier, a journeyman DrTm of Wu Jian (D:10)
  7 two-headed ogres
  The ghost of North the Cleaver, a novice MiCK of Xom (D:9)
  A tengu warrior (D:10)
  Urug (D:12)
  Pikel (D:7)
  A cyclops (D:10)
  An ugly thing (D:10)
  A manticore (D:11)
  A deep elf mage (D:10)
  Joseph (D:7)
  A kobold demonologist (D:11)
  4 trolls
  2 meliai (D:12)
  Grinder (D:6)
  A hornet (D:8)
  2 hippogriffs
  A basilisk (D:12)
  A hungry ghost (D:12)
  11 yaks (D:10)
  A water moccasin (D:10)
  Edmund (D:6)
  A black bear (D:9)
  4 sky beasts
  4 slaves (D:7)
  4 orc warriors
  5 ice beasts
  2 ogres
  A necrophage (D:10)
  3 phantoms
  5 wolves (D:8)
  8 centaurs
  3 big kobolds
  5 bullfrogs
  A wyvern zombie (D:9)
  A water moccasin skeleton (D:4)
  2 scorpions
  34 killer bees
  13 wights
  An electric eel (D:8)
  2 howler monkeys (D:5)
  7 crimson imps
  6 jellies
  4 orc priests
  3 bullfrog skeletons
  2 centaur skeletons (D:10)
  6 hounds
  6 orc wizards
  5 worker ants
  Terence (D:2)
  3 iguanas
  A worker ant zombie (D:10)
  14 adders
  3 shadow imps
  5 oozes
  An adder skeleton (D:5)
  A worm (D:3)
  2 dart slugs
  7 leopard geckos
  35 orcs
  3 bats
  7 giant cockroaches
  4 goblins (D:2)
  9 hobgoblins
  6 jackals
  15 kobolds
  4 quokkas
  3 ball pythons
  3 frilled lizards
  A quokka skeleton (D:5)
  2 quokka zombies
  8 rats
320 creatures vanquished.

Vanquished Creatures (collateral kills)
  A wyvern (D:9)
1 creature vanquished.

Grand Total: 321 creatures vanquished

Notes
Turn   | Place    | Note
-------+----------+-------------------------------------------
     0 | D:1      | George the Minotaur Fighter began the quest for the Orb.
     0 | D:1      | Reached XP level 1. HP: 19/19 MP: 0/0
   191 | D:1      | Reached XP level 2. HP: 25/27 MP: 1/1
   229 | D:1      | Reached skill level 3 in Long Blades
   348 | D:1      | Reached XP level 3. HP: 28/33 MP: 2/2
   617 | D:2      | Reached skill level 1 in Dodging
   802 | D:2      | Reached XP level 4. HP: 33/40 MP: 3/3
  1038 | D:2      | Noticed a hand axe
  1038 | D:2      | Noticed a dagger
  1039 | D:2      | Found a hide-covered altar of Uskayaw.
  1124 | D:2      | Noticed Terence
  1131 | D:2      | Killed Terence
  1337 | D:2      | Reached skill level 4 in Long Blades
  1475 | D:3      | Reached XP level 5. HP: 46/46 MP: 4/4
  1643 | D:3      | Found a blossoming altar of Fedhas.
  2167 | D:4      | Found a staircase to the Ecumenical Temple.
  2196 | Temple   | Entered the Ecumenical Temple
  2215 | Temple   | Became a worshipper of Makhleb the Destroyer
  2440 | D:4      | Reached XP level 6. HP: 39/53 MP: 5/5
  2459 | D:4      | Reached skill level 5 in Armour
  2603 | D:4      | Reached skill level 5 in Shields
  2769 | D:4      | Reached skill level 5 in Long Blades
  2948 | D:5      | Entered Level 5 of the Dungeon
  2948 | D:5      | Noticed a sky beast
  2961 | D:5      | Killed a sky beast
  2961 | D:5      | Reached skill level 5 in Fighting
  2961 | D:5      | Reached skill level 1 in Invocations
  2961 | D:5      | Reached XP level 7. HP: 61/61 MP: 6/6
  2989 | D:5      | Gained mutation: You expend magic power (3 MP) to strengthen your wands. [mutagenic meat]
  3342 | D:5      | Reached skill level 6 in Long Blades
  3416 | D:5      | Found a glowing silver altar of Zin.
  3527 | D:6      | Noticed Edmund
  3536 | D:6      | Killed Edmund
  3536 | D:6      | Reached XP level 8. HP: 69/69 MP: 8/8
  3609 | D:6      | Reached * piety under Makhleb
  3685 | D:6      | Learned a level 2 spell: Blink
  4000 | D:6      | Noticed Grinder
  4011 | D:6      | Killed Grinder
  4011 | D:6      | Reached skill level 7 in Long Blades
  4763 | D:7      | Gained mutation: You occasionally shout uncontrollably at your foes. [mutagenic meat]
  4765 | D:7      | Gained mutation: Your body sometimes deteriorates upon taking damage. [mutagenic meat]
  4766 | D:7      | Gained mutation: You are agile. (Dex +2) [mutagenic meat]
  4767 | D:7      | Gained mutation: Your flesh is cold resistant. (rC+) [mutagenic meat]
  4790 | D:7      | Found Hitralumo's Magic Scroll Shop.
  4806 | D:7      | Bought a scroll of teleportation for 39 gold pieces
  4806 | D:7      | Bought a scroll of magic mapping for 45 gold pieces
  4806 | D:7      | Bought a scroll of noise for 13 gold pieces
  4820 | D:7      | Bought a scroll of identify for 26 gold pieces
  4820 | D:7      | Bought a scroll of identify for 26 gold pieces
  4822 | D:7      | Bought a scroll of holy word for 97 gold pieces
  4822 | D:7      | Bought a scroll of remove curse for 39 gold pieces
  4872 | D:7      | Found a radiant altar of Vehumet.
  4883 | D:7      | Reached XP level 9. HP: 78/78 MP: 10/10
  4951 | D:7      | Reached skill level 8 in Long Blades
  4961 | D:7      | Reached ** piety under Makhleb
  5295 | D:7      | Noticed Joseph
  5312 | D:7      | Paralysed by Joseph for 5 turns
  5323 | D:7      | Killed Joseph
  5323 | D:7      | Reached skill level 5 in Dodging
  5347 | D:7      | Noticed Pikel
  5379 | D:7      | Killed Pikel
  5379 | D:7      | Reached skill level 9 in Long Blades
  6338 | D:8      | Noticed a two-headed ogre
  6350 | D:8      | Killed a two-headed ogre
  6350 | D:8      | Reached XP level 10. HP: 40/86 MP: 12/12
  6596 | D:8      | Reached skill level 5 in Invocations
  6821 | D:8      | Found a staircase to the Lair.
  6838 | D:8      | Reached skill level 10 in Long Blades
  6838 | D:8      | Paralysed by a hornet for 2 turns
  7264 | D:8      | Noticed a two-headed ogre
  7275 | D:8      | Killed a two-headed ogre
  7487 | D:8      | Found a burning altar of Makhleb.
  7651 | D:9      | Found a basalt altar of Yredelemnul.
  7660 | D:9      | Found a glowing golden altar of the Shining One.
  7676 | D:9      | Noticed a two-headed ogre
  7688 | D:9      | Killed a two-headed ogre
  7730 | D:9      | Noticed North's ghost (novice MiCK)
  8162 | D:9      | Noticed a two-headed ogre
  8176 | D:9      | Killed a two-headed ogre
  8192 | D:9      | Found a bloodstained altar of Trog.
  8192 | D:9      | Found a sparkling altar of Nemelex Xobeh.
  8262 | D:9      | Reached XP level 11. HP: 84/95 MP: 14/14
  8271 | D:9      | Reached skill level 11 in Long Blades
  8367 | D:9      | Found a deep blue altar of Sif Muna.
  8495 | D:9      | Reached *** piety under Makhleb
  8893 | D:9      | Killed North's ghost
  9058 | D:9      | Noticed an angel
  9097 | D:10     | Entered Level 10 of the Dungeon
  9097 | D:10     | Found a hazy altar of Hepliaklqana.
  9223 | D:10     | Noticed a deep elf mage
  9251 | D:10     | Killed a deep elf mage
  9283 | D:10     | Noticed a two-headed ogre
  9308 | D:10     | Killed a two-headed ogre
  9308 | D:10     | Reached skill level 12 in Long Blades
  9453 | D:10     | Noticed a white ugly thing
  9478 | D:10     | Killed a white ugly thing
  9616 | D:10     | Noticed a two-headed ogre
  9627 | D:10     | Killed a two-headed ogre
  9691 | D:10     | Reached **** piety under Makhleb
  9761 | D:10     | Noticed TotoDurand's ghost (journeyman DrTm)
  9791 | D:10     | Killed TotoDurand's ghost
  9791 | D:10     | Reached skill level 10 in Armour
  9837 | D:9      | Found a hazy altar of Hepliaklqana.
  9856 | D:10     | Reached XP level 12. HP: 106/106 MP: 16/16
  9988 | D:10     | Noticed a tengu warrior
 10012 | D:10     | Killed a tengu warrior
 10112 | D:11     | Found a basalt altar of Yredelemnul.
 10275 | D:11     | Noticed a two-headed ogre
 10287 | D:11     | Killed a two-headed ogre
 10395 | D:11     | Reached skill level 10 in Fighting
 10492 | D:11     | Reached skill level 13 in Long Blades
 10588 | D:11     | Found a staircase to the Orcish Mines.
 10774 | D:12     | Noticed Urug
 10796 | D:12     | Killed Urug
 10796 | D:12     | Reached skill level 10 in Shields
 10927 | D:12     | Reached ***** piety under Makhleb
 10936 | D:12     | Noticed a storm dragon
 10966 | D:12     | Killed a storm dragon
 10985 | D:12     | Mangled by a komodo dragon

Vault maps used:
D:1:      minmay_arrival_split_and_join, minmay_tetromino_i2
D:2:      dancing_weapons_uskayaw, uniq_terence
D:3:      first_bread, fedhas_altar_1
D:4:      minmay_temple_entry_trees, grunt_ministairs_12
D:5:      zin_treasury
D:6:      minmay_crystal_room, uniq_edmund, uniq_grinder
D:7:      vehumet_crystals, serial_shops, shop, uniq_pikel, uniq_joseph
D:8:      erik_lair_island, basic_altar
D:9:      lemuel_upstairs_altar, grunt_temple_overflow_holy_war,
          lemuel_crystal_altar, gammafunk_temple_overflow_elements
D:10:     minmay_opposing_rooms, basic_altar, grunt_tengu_nest,
          nrook_loot_triangle
D:11:     hiddenorc1_lemuel, yredelemnul_altar_generic
D:12:     hangedman_what_comes_after_a, uniq_josephine, uniq_rupert,
          uniq_nergalle, uniq_fannar, uniq_urug
Temple:   eino_temple_water

Skill      XL: |  1  2  3  4  5  6  7  8  9 10 11 12 |
---------------+-------------------------------------+-----
Long Blades    | 3 4 5 6 7 9 10 12 13 | 13.5
Shields        | 4 5 6 7 8 9 10 | 10.2
Fighting       | 4 5 6 7 8 9 10 | 10.4
Dodging        | 1 2 3 4 6 8 |  8.9
Armour         | 4 5 6 7 9 10 | 10.7
Invocations    | 1 2 3 4 5 7 |  7.7

Action                   |  1- 3 |  4- 6 |  7- 9 | 10-12 || total
-------------------------+-------+-------+-------+-------++-------
Melee: Long sword        |    81 |   141 |   331 |   186 ||   739
       Headbutt          |    14 |    36 |    93 |   164 ||   307
       Scimitar          |       |       |       |   526 ||   526
Invok: Lesser Servant of |       |       |       |     2 ||     2
  Use: Scroll            |       |       |    10 |     2 ||    12
 Stab: Distracted        |       |       |       |     1 ||     1
  Eat: Chunk             |       |     6 |    17 |    29 ||    52
Armor: Scale mail        |    29 |     4 |       |       ||    33
       Chain mail        |       |    54 |       |       ||    54
       Plate armour      |       |       |   161 |   306 ||   467
Dodge: Dodged            |    24 |    44 |    79 |   206 ||   353
Block: Shield            |    43 |    75 |   185 |   439 ||   742
       Rpst.: Long sword |     5 |    15 |    15 |    12 ||    47
       Scimitar          |       |       |       |    27 ||    27
